 Dungeon Crawl Stone Soup version 0.26-a0-1020-ge47f559bc5 (webtiles) character file.

Game seed: 16886899284713045836

200219 korppi the Blocker (level 17, -7/147 HPs)
             Began as a Demonspawn Monk on Dec 8, 2020.
             Was the Champion of Okawaru.
             Mangled by a goliath frog (19 damage)
             ... on level 3 of the Swamp.
             The game lasted 02:30:57 (49389 turns).

korppi the Blocker (Demonspawn Monk)               Turns: 49389, Time: 02:30:58

Health: -7/147     AC: 40    Str: 17    XL:     17   Next: 87%
Magic:  0/7        EV: 16    Int: 19    God:    Okawaru [******]
Gold:   608        SH: 22    Dex: 15    Spells: 16/16 levels left

rFire    + . .     SeeInvis +   b - +9 trident of Okawaru's Displeasure {antimagic, rPois rN+ Will+}
rCold    . . .     Faith    .   J - +1 tower shield
rNeg     + + +     Spirit   +   W - +9 storm dragon scales of the Poles {rElec Int+3}
rPois    +         Reflect  .   K - +1 helmet {SInv}
rElec    +         Harm     .   A - +2 cloak {Will+}
rCorr    +         Rampage  .   (gloves unavailable)
Will     ++++.                  H - +2 pair of boots {run}
Stlth    ..........             w - amulet "Gol Riu" {Spirit rF+ rN++}
HPRegen  0.34/turn              U - ring of Hotzaog {Will+ rCorr Int+2}
MPRegen  0.10/turn              G - +4 ring of evasion

@: mighty, heroism, quick
A: claws 3, rugged brown scales 3, foul stench 2, powered by pain 2, rot
immunity
}: 1/15 runes: serpentine
a: Heroism, Finesse, Renounce Religion


You were on level 3 of the Swamp.
You worshipped Okawaru.
Okawaru was exalted by your worship.
You visited 6 branches of the dungeon, and saw 27 of its levels.

You collected 3472 gold pieces.
You spent 2864 gold pieces at shops.

Inventory:

Hand Weapons
 a - a +3 trident of protection
 b - the +9 trident of Okawaru's Displeasure (weapon) {antimagic, rPois rN+ Will+}
   (Okawaru gifted it to you on level 4 of the Snake Pit)

   It reduces the magical energy of the wielder, and disrupts the spells and
   magical abilities of those hit.
   Natural abilities and divine invocations are not affected.
   It protects you from poison.
   It protects you from negative energy.
   It affects your willpower, your defense against some magical effects.
Missiles
 h - 48 boomerangs (quivered)
 m - 3 silver javelins
 q - 155 poisoned darts
 r - 28 atropa-tipped darts
 u - a throwing net
 O - 5 silver boomerangs
 V - 2 boomerangs of dispersal
 Y - 28 javelins
Armour
 A - a +2 cloak of willpower (worn)
 H - a +2 pair of boots of running (worn)
 J - a +1 tower shield (worn)
 K - a +1 helmet of see invisible (worn)
 W - the +9 storm dragon scales of the Poles (worn) {rElec Int+3}
   (Okawaru gifted it to you on level 4 of the Lair of Beasts)

   It affects your intelligence (+3).
   It insulates you from electricity.
Jewellery
 v - an uncursed ring of poison resistance
 w - the amulet "Gol Riu" (around neck) {Spirit rF+ rN++}
   (You bought it in a shop on level 2 of the Orcish Mines)

   [amulet of guardian spirit]

   It causes incoming damage to be split between your health and magic.
   It protects you from fire.
   It greatly protects you from negative energy.
 F - the ring of the Mage {Wiz Will++ Int+3}
   (You bought it in a shop on level 10 of the Dungeon)

   [ring of wizardry]

   It improves your spell success rate.
   It affects your intelligence (+3).
   It affects your willpower, your defense against some magical effects.
 G - a +4 ring of evasion (right claw)
 L - an uncursed ring of ice
 U - the ring of Hotzaog (left claw) {Will+ rCorr Int+2}
   (You bought it in a shop on level 2 of the Orcish Mines)

   [ring of resist corrosion]

   It affects your intelligence (+2).
   It affects your willpower, your defense against some magical effects.
   It provides partial protection from all sources of acid and corrosion.
Wands
 l - a wand of acid (16)
 E - a wand of flame (14)
 M - a wand of enslavement (9)
 P - a wand of disintegration (15)
 T - a wand of iceblast (30)
 X - a wand of digging (4)
Scrolls
 e - 3 scrolls of blinking
 i - 5 scrolls of fog
 n - 11 scrolls of remove curse
 p - a scroll of brand weapon
 x - 4 scrolls of identify
 y - 8 scrolls of teleportation
 D - 3 scrolls of immolation
 S - 3 scrolls of enchant weapon
Potions
 c - a potion of resistance
 d - 3 potions of berserk rage
 g - 4 potions of mutation
 j - a potion of magic
 k - 10 potions of curing
 o - 5 potions of heal wounds
 t - 2 potions of haste
 z - 4 potions of flight
 B - 2 potions of might
 C - 3 potions of lignification
 I - a potion of invisibility
 N - 2 potions of brilliance
Miscellaneous
 f - a box of beasts
 s - a tin of tremorstones (2/2)
 Q - a condenser vane
 R - a phial of floods


   Skills:
 + Level 13.8(18.8) Fighting
 - Level 14.0(19.0) Polearms
 + Level 10.0(15.0) Throwing
 + Level 12.4(17.4) Armour
 - Level 4.5(9.5) Dodging
 - Level 1.7(6.7) Stealth
 + Level 14.4(19.4) Shields
 - Level 7.3 Invocations
 - Level 10.0 Evocations


You had 16 spell levels left.
You didn't know any spells.
Your spell library contained the following spells:

 Spells                   Type           Power        Failure   Level
 Beastly Appendage        Tmut           #.....       94%         1
 Corona                   Hex            #......      94%         1
 Magic Dart               Conj           #...         94%         1
 Sandblast                Erth           #.....       94%         1
 Shock                    Conj/Air       #...         94%         1
 Ensorcelled Hibernation  Hex/Ice        #.....       98%         2
 Passwall                 Tmut/Erth      #.......     98%         2
 Searing Ray              Conj           #.....       98%         2
 Swiftness                Air            #.......     98%         2
 Wereblood                Tmut           #.......     98%         2
 Confusing Touch          Hex            #.......     100%        3
 Dazzling Flash           Conj/Hex       #.....       100%        3
 Gell's Gravitas          Tloc           #.........   100%        3
 Ignite Poison            Fire/Tmut/Pois #.......     100%        3
 Spider Form              Tmut/Pois      #.........   100%        3
 Static Discharge         Conj/Air       #.......     100%        3
 Stone Arrow              Conj/Erth      #.....       100%        3
 Tukima's Dance           Hex            #.......     100%        3
 Airstrike                Air            #.........   100%        4
 Fulminant Prism          Conj/Hex       #.........   100%        4
 Ice Form                 Ice/Tmut       #.......     100%        4
 Iskenderun's Mystic Bla  Conj/Tloc      #.......     100%        4
 Petrify                  Tmut/Erth      #.......     100%        4
 Blade Hands              Tmut           #.........   100%        5
 Bolt of Magma            Conj/Fire/Erth #.........   100%        5
 Fireball                 Conj/Fire      #.........   100%        5
 Iskenderun's Battlesphe  Conj           #.......     100%        5
 Lee's Rapid Deconstruct  Erth           #.........   100%        5
 Lightning Bolt           Conj/Air       #.........   100%        5
 Metabolic Englaciation   Hex/Ice        #.........   100%        5
 Yara's Violent Unravell  Hex/Tmut       #.........   100%        5
 Freezing Cloud           Conj/Ice/Air   #.........   100%        6
 Iron Shot                Conj/Erth      #.........   100%        6
 Ozocubu's Refrigeration  Ice            #.........   100%        6
 Simulacrum               Ice/Necr       #.........   100%        6
 Starburst                Conj/Fire      #.........   100%        6
 Orb of Destruction       Conj           #.........   100%        7
 Spellforged Servitor     Conj/Summ      #.........   100%        7
 Chain Lightning          Conj/Air       #.........   100%        8
 Ignition                 Fire           #.........   100%        8
 Lehudib's Crystal Spear  Conj/Erth      #.........   100%        8
 Absolute Zero            Ice            #.........   100%        9
 Fire Storm               Conj/Fire      #.........   100%        9
 Shatter                  Erth           #.........   100%        9
 Tornado                  Air            #.........   100%        9


Dungeon Overview and Level Annotations

Branches:
Dungeon (11/15)            Temple (1/1) D:5            Lair (6/6) D:10
  Swamp (3/4) Lair:2        Snake (4/4) Lair:2        Slime (0/5) Lair:6
    Orc (2/2) D:9             Elf (0/3) Orc:2

Altars:
Ashenzari
Cheibriados
Dithmenos
Elyvilon
Fedhas
Gozag
Hepliaklqana
Kikubaaqudgha
Makhleb
Nemelex Xobeh
Okawaru
Qazlal
Ru
Sif Muna
Trog
Uskayaw
Vehumet
Wu Jian
Xom
Yredelemnul
Zin
The Shining One
Beogh
Jiyva

Shops:
D:4 (   D:5 *   D:8 (([([   D:10 *   Orc:2 =}([

Annotations:
D:4 3 runed translucent doors, Perttuleena's ghost, amateur DsFi; qipq's ghost, amateur OpFi; stripedtigrrr's ghost, amateur FoHu
D:9 3 runed translucent doors, exclusion: orange crystal statue
Lair:3 exclusion: downstairs


Innate Abilities, Weirdness & Mutations

You have claws for hands.
You are completely covered in rugged brown scales. (AC +3, +7% HP)
You frequently emit foul miasma when damaged in melee.
You sometimes gain power by taking damage.
You are immune to rotting.


Message History

A swamp drake comes into view.
The 14-headed hydra is engulfed in dark miasma.
The 14-headed hydra looks even sicker.
The 14-headed hydra seems to slow down.
You block the 14-headed hydra's attack. x2; The 14-headed hydra bites you!
You block the 14-headed hydra's attack. The 14-headed hydra closely misses you.
The 14-headed hydra misses you. You block the 14-headed hydra's attack.
The 14-headed hydra barely misses you. The 14-headed hydra closely misses you.
The 14-headed hydra bites you but does no damage.
The 14-headed hydra bites you!
* * * LOW HITPOINT WARNING * * *
The 14-headed hydra completely misses you.
You block the 14-headed hydra's attack. The 14-headed hydra barely misses you.
The spriggan rider misses you. The bunyip closely misses you.
The bunyip claws you but does no damage.
The bunyip claws you!!!
* * * LOW HITPOINT WARNING * * *
You focus on the pain.
You feel very mighty all of a sudden. The goliath frog hits you from afar!!
You die...

# ≈≈. ♣♣≈♣ . ≈.
♣♣♣♣♣≈... ≈ k♣♣..≈..≈≈≈
≈ ♣.§≈≈...≈≈≈ .
♣≈≈≈≈>≈.≈≈≈ .♣♣
♣♣♣♣≈≈≈.≈≈≈≈≈≈ ≈≈♣
♣≈≈♣♣.x≈i≈≈≈.≈ ≈.♣
♣.≈.♣≈@D≈≈≈≈.. ≈.♣
♣}≈≈.≈.)≈§≈≈≈. §<♣♣
♣♣...F....≈≈.≈§
≈≈.♣♣♣♣♣♣♣...≈.≈♣♣.≈..≈≈
≈≈....≈≈♣.≈≈≈≈..♣♣.≈♣♣.≈
≈..≈..≈≈.♣≈≈≈......♣♣ ≈
........≈♣.†....≈≈♣♣
..".≈..(♣...≈≈..≈.♣
..≈≈....<..≈♣♣♣♣♣≈≈.≈


You could see a bunyip (strong, sick), a 14-headed hydra (strong, very poisoned,
slow, sick), a spriggan rider, a goliath frog (strong) and a swamp drake
(wandering).

Vanquished Creatures
  Nikola (Snake:1)
  Rupert (Lair:4)
  12 nagarajas
  An orc warlord (Orc:2)
  Aizul (Snake:2)
  Azrael (Snake:1)
  2 bunyips
  2 eleionomae (Swamp:1)
  Josephine (Snake:1)
  A boulder beetle (Lair:4)
  14 hydras
  4 catoblepae
  3 ghost crabs
  14 naga warriors
  9 alligators
  22 death yaks
  10 anacondas
  Urug (Lair:5)
  18 naga sharpshooters
  8 shock serpents
  2 orc high priests (Orc:2)
  3 goliath frogs
  9 salamander mystics
  2 bog bodies (Swamp:2)
  10 naga ritualists
  13 mana vipers
  3 orc knights
  4 oklob plants (Lair:4)
  3 orc sorcerers (Orc:1)
  2 manticores (Lair:6)
  35 black mambas
  15 salamanders
  12 elephants
  Joseph (D:7)
  4 guardian serpents
  Maggie (D:8)
  14 cane toads
  17 naga magi
  8 komodo dragons
  5 rime drakes
  3 trolls
  A bloated husk (Swamp:1)
  2 hornets
  8 polar bears
  24 blink frogs
  11 dream sheep
  4 tyrant leeches
  A spriggan (Swamp:1)
  3 wraiths (Snake:1)
  Sigmund (D:3)
  12 wyverns
  56 yaks
  11 basilisks
  2 fire elementals (Snake:1)
  5 wargs
  55 nagas
  7 swamp worms
  15 water moccasins
  3 hell hounds
  38 orc warriors
  A sky beast (D:7)
  3 swamp drakes
  2 black bears (D:8)
  4 ice beasts
  A hornet zombie (D:11)
  5 centaurs
  6 ogres
  2 phantoms
  25 wolves
  A big kobold (D:7)
  12 bullfrogs
  A gnoll sergeant (D:9)
  A wyvern skeleton (D:10)
  A water moccasin zombie (D:10)
  2 scorpions
  3 wights
  4 electric eels
  2 howler monkeys (D:9)
  2 jellies
  3 bullfrog zombies
  A crimson imp (D:7)
  A water moccasin simulacrum (D:8)
  3 bullfrog skeletons
  29 orc wizards
  24 orc priests
  4 hounds
  3 worker ants
  12 hell rats (Lair:5)
  A hound zombie (D:9)
  12 gnolls
  8 adders
  A hound simulacrum (D:8)
  2 shadow imps
  10 white imps
  A worker ant simulacrum (D:8)
  An ufetubus (D:7)
  An ooze (D:2)
  An adder skeleton (D:6)
  2 worms
  3 dart slugs
  An adder simulacrum (D:8)
  4 leopard geckos
  110 orcs
  A ball python (D:3)
  5 bats
  5 giant cockroaches
  5 goblins
  9 hobgoblins
  7 jackals
  9 kobolds
  3 quokkas
  4 frilled lizards
  A quokka skeleton (D:5)
  2 quokka zombies
  6 rats
924 creatures vanquished.

Vanquished Creatures (others)
  A hydra (Swamp:2)
  A spriggan druid (Swamp:3)
  A naga ritualist (Snake:4)
  2 naga magi (Snake:3)
  3 bloated husks
  4 vampire mosquitoes (Swamp:2)
  3 nagas
  A hell hound (Snake:1)
  An orc (Orc:2)
  A quokka (D:9)
  52 fungi
  69 plants
139 creatures vanquished.

Grand Total: 1063 creatures vanquished

Notes
Turn   | Place    | Note
-------+----------+-------------------------------------------
     0 | D:1      | korppi the Demonspawn Monk began the quest for the Orb.
     0 | D:1      | Reached XP level 1. HP: 18/18 MP: 1/1
   238 | D:1      | Gained mutation: You are immune to rotting. [demonic
                  | ancestry]
   238 | D:1      | Reached XP level 2. HP: 13/24 MP: 2/2
   598 | D:1      | Reached skill level 1 in Armour
   984 | D:2      | Reached XP level 3. HP: 29/29 MP: 3/3
  1002 | D:2      | You fall into a shaft and drop 2 floors!
  1064 | D:4      | Noticed a bullfrog
  1121 | D:5      | Entered Level 5 of the Dungeon
  1382 | D:5      | Noticed a bullfrog
  1462 | D:6      | HP: 1/29 [bullfrog (3)]
  1470 | D:6      | Killed a bullfrog
  1471 | D:6      | Gained mutation: You are partially covered in rugged brown
                  | scales. (AC +1, +3% HP) [demonic ancestry]
  1471 | D:6      | Reached XP level 4. HP: 3/38 MP: 4/4
  1811 | D:6      | Noticed an ogre
  1824 | D:5      | Found a glowing silver altar of Zin.
  2061 | D:4      | Killed a bullfrog
  2062 | D:4      | Reached skill level 1 in Shields
  2062 | D:4      | Gained mutation: You have sharp fingernails. [demonic
                  | ancestry]
  2062 | D:4      | Reached XP level 5. HP: 32/43 MP: 5/5
  2655 | D:2      | Gained mutation: You have very sharp fingernails. [demonic
                  | ancestry]
  2655 | D:2      | Reached XP level 6. HP: 49/49 MP: 6/6
  2760 | D:2      | Found an iron altar of Okawaru.
  2776 | D:2      | Became a worshipper of Warmaster Okawaru
  2776 | D:2      | Reached * piety under Okawaru
  2776 | D:2      | Reached ** piety under Okawaru
  3285 | D:2      | Reached skill level 1 in Invocations
  4100 | D:3      | Noticed Sigmund
  4127 | D:3      | Killed Sigmund
  4128 | D:3      | Reached skill level 5 in Polearms
  4128 | D:3      | Gained mutation: You may emit foul miasma when damaged in
                  | melee. [demonic ancestry]
  4128 | D:3      | Reached XP level 7. HP: 54/56 MP: 8/8
  4851 | D:4      | Found Ytatsez's Weapon Shop.
  4866 | D:4      | Found a runed translucent gate.
  4866 | D:4      | Found a runed translucent gate.
  4866 | D:4      | Noticed qipq's ghost (amateur OpFi)
  4952 | D:4      | Found a runed translucent gate.
  4952 | D:4      | Noticed stripedtigrrr's ghost (amateur FoHu)
  4954 | D:4      | Noticed Perttuleena's ghost (amateur DsFi)
  5373 | D:4      | Found a broken altar of Ashenzari.
  5937 | D:5      | Found a staircase to the Ecumenical Temple.
  5945 | Temple   | Entered the Ecumenical Temple
  6122 | D:5      | Found a snail-covered altar of Cheibriados.
  6148 | D:5      | Found Zin's Purification Station.
  6153 | D:5      | Found a glowing silver altar of Zin.
  6868 | D:6      | Reached skill level 5 in Fighting
  7346 | D:5      | Gained mutation: You sometimes gain a little power by
                  | taking damage. [demonic ancestry]
  7346 | D:5      | Reached XP level 8. HP: 7/63 MP: 10/10
  8162 | D:7      | Found a shadowy altar of Dithmenos.
  8776 | D:7      | Noticed Joseph
  8797 | D:7      | Killed Joseph
  8797 | D:7      | Reached *** piety under Okawaru
  8976 | D:7      | Reached skill level 5 in Invocations
  9093 | D:7      | Found a radiant altar of Vehumet.
  9095 | D:7      | Found a burning altar of Makhleb.
  9899 | D:8      | Noticed Maggie
  9921 | D:8      | Noticed a polar bear
  9937 | D:8      | HP: 3/65 [polar bear (24)]
  9939 | D:8      | Killed a polar bear
  9940 | D:8      | Reached XP level 9. HP: 9/72 MP: 13/13
  9942 | D:8      | Killed Maggie
 10486 | D:8      | Noticed a polar bear
 10581 | D:7      | Killed a polar bear
 10787 | D:7      | Reached **** piety under Okawaru
 11263 | D:8      | Found Utamm's Antique Armour Shoppe.
 11270 | D:8      | Noticed a polar bear
 11291 | D:8      | Killed a polar bear
 11385 | D:8      | Bought a pair of embroidered gloves for 232 gold pieces
 11388 | D:8      | Noticed a polar bear
 11436 | D:8      | Killed a polar bear
 11584 | D:8      | Found a sparkling altar of Nemelex Xobeh.
 11675 | D:8      | Found Yputo's Antique Armour Shop.
 11675 | D:8      | Found Dyfio's Weapon Shoppe.
 11794 | D:7      | Reached skill level 1 in Throwing
 11800 | D:7      | Gained mutation: You sometimes gain power by taking damage.
                  | [demonic ancestry]
 11800 | D:7      | Reached XP level 10. HP: 81/81 MP: 15/15
 11973 | D:8      | Found Renow's Weapon Emporium.
 12011 | D:8      | Reached ***** piety under Okawaru
 12164 | D:8      | Received a gift from Okawaru
 12230 | D:8      | Found Omomn's Antique Weapon Emporium.
 12231 | D:8      | Found a bloodstained altar of Trog.
 12253 | D:8      | Bought a runed trident for 169 gold pieces
 12747 | D:9      | Found a runed translucent door.
 12758 | D:9      | Found a runed translucent door.
 12773 | D:9      | Found a runed translucent door.
 13112 | D:9      | Reached skill level 5 in Shields
 13145 | D:9      | You fall into a shaft and drop 1 floor!
 13145 | D:10     | Entered Level 10 of the Dungeon
 13733 | D:9      | Found a runed translucent door.
 13743 | D:9      | Noticed an orange crystal statue
 13923 | D:9      | Found a staircase to the Orcish Mines.
 14047 | D:9      | Reached skill level 10 in Polearms
 14563 | D:10     | Got a masterwork leather armour
 14575 | D:10     | Identified the +1 leather armour "Fuegg" {rN+ Will++ Int+2}
                  | (You found it on level 10 of the Dungeon)
 14599 | D:10     | Gained mutation: You have claws for hands. [demonic
                  | ancestry]
 14599 | D:10     | Reached XP level 11. HP: 88/89 MP: 16/16
 14929 | D:10     | Found Fyzos's General Store.
 14934 | D:10     | Bought a potion of heal wounds for 65 gold pieces
 14934 | D:10     | Bought a scroll of identify for 26 gold pieces
 15102 | D:10     | Found a staircase to the Lair.
 15604 | Lair:1   | Entered Level 1 of the Lair of Beasts
 15808 | Lair:1   | Received a gift from Okawaru
 16352 | Lair:1   | Noticed a five-headed hydra
 16399 | Lair:1   | Killed a five-headed hydra
 16413 | Lair:1   | Reached skill level 5 in Throwing
 17598 | Lair:2   | Gained mutation: You are mostly covered in rugged brown
                  | scales. (AC +2, +5% HP) [demonic ancestry]
 17598 | Lair:2   | Reached XP level 12. HP: 84/100 MP: 17/17
 17611 | Lair:2   | Reached ****** piety under Okawaru
 17611 | Lair:2   | Received a gift from Okawaru
 18585 | Lair:2   | Reached skill level 10 in Fighting
 18641 | Lair:2   | Found a staircase to the Snake Pit.
 18906 | Lair:2   | Found a staircase to the Swamp.
 19139 | Lair:2   | Received a gift from Okawaru
 19142 | Lair:2   | Got a pair of buzzing boots {god gift}
 19153 | Lair:2   | Identified the +2 pair of boots "Ynwamurph" {rN+} (Okawaru
                  | gifted it to you on level 2 of the Lair of Beasts)
 19664 | Lair:3   | Noticed a seven-headed hydra
 19679 | Lair:3   | Killed a seven-headed hydra
 20252 | Lair:4   | Noticed Rupert
 20561 | Lair:4   | Killed Rupert
 20655 | Lair:4   | Reached XP level 13. HP: 108/108 MP: 18/18
 21407 | Lair:4   | Received a gift from Okawaru
 23034 | Lair:4   | Received a gift from Okawaru
 23221 | Lair:4   | Got black opal-encrusted storm dragon scales {god gift}
 23234 | Lair:4   | Identified the +9 storm dragon scales of the Poles {rElec
                  | Int+3} (Okawaru gifted it to you on level 4 of the Lair of
                  | Beasts)
 23684 | Lair:5   | Noticed Urug
 23706 | Lair:5   | Killed Urug
 24897 | Lair:5   | Reached skill level 5 in Armour
 25143 | Lair:6   | Entered Level 6 of the Lair of Beasts
 25248 | Lair:6   | Reached XP level 14. HP: 110/115 MP: 19/19
 25319 | Lair:6   | Received a gift from Okawaru
 25320 | Lair:6   | Reached skill level 10 in Shields
 25489 | Lair:5   | Received a gift from Okawaru
 25892 | Lair:6   | Reached skill level 1 in Evocations
 26853 | Lair:6   | Found a viscous altar of Jiyva.
 26853 | Lair:6   | Found a staircase to the Slime Pits.
 27044 | Lair:5   | Received a gift from Okawaru
 27412 | Lair:6   | Identified a +2 pair of boots of running (You found it on
                  | level 6 of the Lair of Beasts)
 27766 | Lair:6   | Reached skill level 10 in Throwing
 27796 | Lair:6   | Received a gift from Okawaru
 28113 | Lair:6   | Received a gift from Okawaru
 28932 | Lair:6   | Reached skill level 5 in Evocations
 29598 | Lair:6   | Reached XP level 15. HP: 92/120 MP: 20/20
 30047 | Orc:1    | Entered Level 1 of the Orcish Mines
 30317 | Orc:1    | Found a roughly hewn altar of Beogh.
 30764 | Orc:2    | Entered Level 2 of the Orcish Mines
 31320 | Orc:2    | Found a roughly hewn altar of Beogh.
 31355 | Orc:2    | Found Nyekuol's Gadget Shop.
 31478 | Orc:2    | Found a roughly hewn altar of Beogh.
 31545 | Orc:2    | Found Tyoketi's Jewellery Emporium.
 31673 | Orc:2    | Noticed an orc warlord
 31815 | Orc:2    | Killed an orc warlord
 31820 | Orc:2    | Found a roughly hewn altar of Beogh.
 32499 | Orc:2    | Received a gift from Okawaru
 32517 | Orc:2    | Found a roughly hewn altar of Beogh.
 32576 | Orc:2    | Found a staircase to the Elven Halls.
 32670 | Orc:2    | Found a roughly hewn altar of Beogh.
 32807 | Orc:2    | Found Fymul's Antique Armour Shoppe.
 32808 | Orc:2    | Found a roughly hewn altar of Beogh.
 32809 | Orc:2    | Found Gebbiom's Antique Weapon Emporium.
 32918 | Orc:2    | Found a roughly hewn altar of Beogh.
 33091 | D:8      | Bought a shiny helmet for 240 gold pieces
 33170 | D:10     | Bought the ring of the Mage {Wiz Will++ Int+3} for 672 gold
                  | pieces
 33170 | D:10     | Found the ring of the Mage {Wiz Will++ Int+3}
 33286 | Snake:1  | Entered Level 1 of the Snake Pit
 33329 | Snake:1  | Noticed Azrael
 33340 | Snake:1  | Noticed Nikola
 33846 | Snake:1  | Received a gift from Okawaru
 34717 | Snake:1  | Killed Azrael
 34717 | Snake:1  | Received a gift from Okawaru
 34924 | Snake:1  | Noticed Josephine
 34949 | Snake:1  | Killed Josephine
 35636 | Snake:1  | Killed Nikola
 36328 | Snake:2  | Noticed Aizul
 36365 | Snake:2  | Killed Aizul
 36809 | Snake:2  | Received a gift from Okawaru
 37134 | Snake:2  | Gained mutation: You frequently emit foul miasma when
                  | damaged in melee. [demonic ancestry]
 37134 | Snake:2  | Reached XP level 16. HP: 127/131 MP: 21/21
 38226 | Snake:3  | Reached skill level 10 in Armour
 39199 | Snake:3  | Identified a scroll of acquirement
 39200 | Snake:3  | Acquired 762 gold pieces
 39253 | Snake:3  | Received a gift from Okawaru
 40911 | Snake:4  | Entered Level 4 of the Snake Pit
 42352 | Snake:4  | Received a gift from Okawaru
 42397 | Snake:4  | Reached skill level 10 in Evocations
 42696 | Snake:4  | Received a gift from Okawaru
 42891 | Snake:4  | Got an iridescent trident {god gift}
 42892 | Snake:4  | Identified the +9 trident of Okawaru's Displeasure
                  | {antimagic, rPois rN+ Will+} (Okawaru gifted it to you on
                  | level 4 of the Snake Pit)
 43140 | Snake:4  | Gained mutation: You are completely covered in rugged brown
                  | scales. (AC +3, +7% HP) [demonic ancestry]
 43140 | Snake:4  | Reached XP level 17. HP: 65/144 MP: 7/22
 44648 | Snake:4  | Received a gift from Okawaru
 46012 | Snake:4  | Got a serpentine rune of Zot
 46518 | Swamp:1  | Entered Level 1 of the Swamp
 47164 | Orc:2    | Bought the amulet "Gol Riu" {Spirit rF+ rN++} for 872 gold
                  | pieces
 47164 | Orc:2    | Bought the ring of Hotzaog {Will+ rCorr Int+2} for 588 gold
                  | pieces
 48098 | Swamp:1  | Received a gift from Okawaru
 48504 | Swamp:2  | Received a gift from Okawaru
 49372 | Swamp:3  | Received a gift from Okawaru
 49389 | Swamp:3  | Mangled by a goliath frog

Illustrated notes

Levels and vault maps discovered:
D:1:      dpeg_arrival_rooms_c, layout_basic
D:2:      layout_basic, okawaru_ov_weapons_minmay
D:3:      layout_basic, uniq_sigmund
D:4:      layout_layer_cave, gammafunk_ghost_cemetery, serial_shops, shop,
          lemuel_tele_altar
D:5:      layout_basic, zin_purify, minmay_temple_entry_glassed_door,
          basic_altar, cheibriados_altar_1
D:6:      layout_gridville
D:7:      layout_basic, grunt_temple_overflow_lords_of_destruction,
          nicolae_dithmenos_through_a_glass_darkly, uniq_joseph
D:8:      layout_gridville, trog_ov_bears_minmay,
          nicolae_overflow_crystal_walls, serial_shops, shop, shop, shop, shop,
          kennysheep_little_box, serial_ice, serial_ice_m, serial_ice_c,
          serial_ice_a, serial_ice_h, serial_ice_l, serial_ice_e, serial_ice_d,
          serial_ice_o, serial_ice_b, serial_ice_f, grunt_decor_one_mirror,
          uniq_maggie
D:9:      layout_roguey, erik_orc_2, hex_tiny, minmay_statue_crystal_thing
D:10:     layout_roguey, erik_lair_dragon, serial_shops,
          nicolae_shop_temple_entry_statues_fountains, nooodl_orcs_dogs
D:11:     layout_cave_pools, hangedman_decor_points, minmay_st_funbox
Temple:   compressed_dpeg_circular_temple
Lair:1:   layout_regular_city, grunt_megastairs_5, serial_bayou_shore_b
Lair:2:   layout_gridlike, minmay_swamp_entry_worms,
          minmay_snake_entry_guardpost_small, small_statue_intersection,
          grunt_megastairs_3, lemuel_fruit_fields, lemuel_fruit_tree
Lair:3:   layout_loops_ring, small_statue_intersection, st_stairs_9
Lair:4:   layout_loops_ring, minmay_lair_oklob_chamber, uniq_rupert
Lair:5:   layout_hall_layers, special_room [special_room_mythical_zoo],
          uniq_urug
Lair:6:   evilmike_catoblepas_cave, layout_cave_pods, slime_altar_1,
          chequers_serial_rivers_micro_d
Swamp:1:  layout_basic_swamp, evilmike_swamp_ruin_house_3
Swamp:2:  layout_basic_swamp, nicolae_swamp_very_dense_foliage, swamp_pool2,
          infiniplex_staircase_pool
Swamp:3:  layout_basic_swamp, gammafunk_ghost_hydra_chop,
          nicolae_swamp_dense_foliage, swamp_pool5, nicolae_swamp_rocky_clearing
Snake:1:  layout_cave_shapes, grunt_megastairs_1, uniq_nikola, uniq_josephine,
          uniq_azrael
Snake:2:  layout_gridlike, drop_trap, grunt_ministairs_14, uniq_aizul
Snake:3:  layout_chambers, grunt_megastairs_4
Snake:4:  johnstein_snake_rune_scales, layout_onion
Orc:1:    layout_caves, basic_altar
Orc:2:    grunt_orc_community_town_hall, layout_diamond_mine,
          grunt_orc_community_big_house_2, grunt_orc_community_big_house_2,
          grunt_orc_community_house_3, grunt_orc_community_house_3,
          grunt_orc_community_house_1, grunt_orc_community_house_2,
          grunt_orc_community_house_3

Skill      XL: |  1  2  3  4  5  6  7  8  9 10 11 12 13 14 15 16 17 |
---------------+----------------------------------------------------+-----
Armour         | 1 2 3 5 7 9 11 12 | 12.4
Polearms       | 3 4 5 7 8 10 11 13 14 | 14.0
Shields        | 1 2 4 5 7 8 9 11 12 13 14 | 14.4
Fighting       | 4 5 6 7 8 9 10 11 12 13 | 13.8
Invocations    | 2 3 5 7 |  7.3
Dodging        | 3 4 |  4.5
Throwing       | 1 3 5 7 9 10 | 10.0
Evocations     | 5 8 10 | 10.0
Stealth        | |  1.7

Action                   |  1- 3 |  4- 6 |  7- 9 | 10-12 | 13-15 | 16-18 || total
-------------------------+-------+-------+-------+-------+-------+-------++-------
Melee: Spear             |   106 |   314 |   234 |       |    18 |       ||   672
       Punch             |       |     2 |       |       |       |       ||     2
       Trident           |       |       |   345 |  1368 |  2882 |  1995 ||  6590
 Fire: Hunting sling     |       |     9 |    79 |   186 |   121 |     3 ||   398
Throw: Stone             |    12 |     1 |     1 |       |       |       ||    14
       Dart              |       |    11 |    27 |       |    14 |       ||    52
       Throwing net      |       |       |     1 |       |       |       ||     1
       Boomerang         |       |       |       |       |    66 |    56 ||   122
       Javelin           |       |       |       |       |     8 |       ||     8
Invok: Heroism           |       |     1 |     3 |    10 |    25 |    14 ||    53
       Finesse           |       |       |       |     2 |     2 |       ||     4
Evoke: Wand              |       |       |     4 |       |    17 |     1 ||    22
  Use: Scroll            |     4 |     1 |     9 |    10 |    11 |     8 ||    43
       Potion            |     2 |       |     3 |     2 |     6 |     1 ||    14
 Stab: Sleeping          |     1 |       |       |     3 |     1 |       ||     5
       Invisible         |       |       |       |       |     3 |       ||     3
Armor: Robe              |    20 |       |       |       |       |       ||    20
       Ring mail         |       |    59 |       |       |       |       ||    59
       Chain mail        |       |    39 |   132 |       |       |       ||   171
       Steam dragon scal |       |       |    29 |   191 |    14 |       ||   234
       Storm dragon scal |       |       |       |       |   622 |   571 ||  1193
Dodge: Dodged            |    67 |   104 |   153 |   315 |   462 |   385 ||  1486
Block: Other             |    25 |    44 |       |       |       |       ||    69
       Reflection        |       |     5 |    12 |    24 |    70 |   208 ||   319
       Buckler           |       |       |   121 |       |       |       ||   121
       Tower shield      |       |       |   277 |  1193 |  2339 |  1810 ||  5619

Table legend: (Time is in decaauts)
 A = Elapsed time spent in this place.
 B = Non-inter-level travel time spent in this place.
 C = Inter-level travel time spent in this place.
 D = Time resting spent in this place.
 E = Time spent auto-exploring this place.
 F = Levels seen in this place.
 G = Mean time per level.
                   A        B        C        D        E       F      G
               +--------+--------+--------+--------+--------+-----+--------+
         Total |  46880 |  45016 |   1864 |  17411 |  16477 |  27 | 1736.3 |
       Dungeon |  15943 |  14987 |    956 |   4320 |   6621 |  11 | 1449.4 |
        Temple |    125 |     88 |     37 |      0 |     87 |   1 |  125.0 |
          Lair |  13992 |  13445 |    547 |   4977 |   5210 |   6 | 2332.0 |
         Swamp |   2001 |   1967 |     34 |    847 |    663 |   3 |  667.0 |
     Snake Pit |  12095 |  11939 |    156 |   6451 |   2860 |   4 | 3023.8 |
  Orcish Mines |   2721 |   2588 |    133 |    814 |   1034 |   2 | 1360.5 |
               +--------+--------+--------+--------+--------+-----+--------+

Top non-repeatable levels by time:
 Snake:3: 4798 daAuts
  Lair:6: 3081 daAuts
  Lair:4: 2960 daAuts
 Snake:1: 2840 daAuts
 Snake:4: 2790 daAuts
  Lair:5: 2744 daAuts
  Lair:1: 2418 daAuts
     D:8: 2312 daAuts
     D:7: 2133 daAuts
     D:5: 1755 daAuts
 Snake:2: 1665 daAuts
     D:6: 1652 daAuts
     D:9: 1597 daAuts
  Lair:2: 1585 daAuts
    D:10: 1555 daAuts
